 Dungeon Crawl Stone Soup version 0.30-a0-1042-gacf32f4bd3 (webtiles) character file.

Game seed: 5161027673171177308

103 CryoSword the Cudgeller (level 4, -1/39 HPs)
             Began as an Armataur Fighter on Apr 9, 2023.
             Slain by a cerulean imp
             ... wielding a +0 spear
             ... summoned by Natasha
              (3 damage)
             ... on level 2 of the Dungeon.
             The game lasted 00:03:06 (1940 turns).

CryoSword the Cudgeller (Armataur Fighter)          Turns: 1940, Time: 00:03:06

Health: -1/39      AC:  7    Str: 23    XL:     4   Next: 51%
Magic:  4/4        EV:  7    Int:  8    God:
Gold:   66         SH:  4    Dex: 10    Spells: 3/3 levels left

rFire   . . .      SeeInvis .    a - +0 flail
rCold   . . .      Faith    .    c - +0 buckler
rNeg    . . .      Spirit   .    b - +0 scale mail
rPois   .          Reflect  .    o - +1 hat
rElec   .          Roll     +    (no cloak)
rCorr   .                        (no gloves)
Will    .....                    (no barding) Stlth
                                 (no amulet)
HPRegen 0.26/turn                (no ring)
MPRegen 0.09/turn                (no ring)

@: mighty
A: large, rugged brown scales 3, deformed body, armoured tail, roll, long
tongue, awkward tongue
a: no special abilities


You were on level 2 of the Dungeon.
You visited 1 branch of the dungeon, and saw 3 of its levels.

You collected 66 gold pieces.

Inventory:

Hand Weapons
 a - a +0 flail (weapon)
Missiles
 j - 4 poisoned darts (quivered)
Armour
 b - a +0 scale mail (worn)
 c - a +0 buckler (worn)
 o - a +1 hat (worn)
   (You found it on level 2 of the Dungeon)
Wands
 i - a wand of mindburst (9)
   (You took it off Ijyb on level 2 of the Dungeon)
 p - a wand of paralysis (10)
   (You found it on level 2 of the Dungeon)
Scrolls
 g - a scroll of summoning {unknown}
 k - a scroll of enchant weapon
 l - a scroll of enchant armour {unknown}
Potions
 e - a potion of flight
 m - a potion of invisibility
 n - a potion of ambrosia {unknown}


   Skills:
 - Level 2.6 Fighting
 + Level 4.4 Maces & Flails
 - Level 3.6 Armour
 - Level 3.2 Shields


You had 3 spell levels left.
You didn't know any spells.
Your spell library contained the following spells:

 Spells                   Type           Power      Damage    Failure   Level
 Summon Small Mammal      Summ           0%         N/A       80%         1
 Call Canine Familiar     Summ           0%         N/A       99%         3
 Summon Guardian Golem    Hex/Summ       0%         N/A       99%         3


Dungeon Overview and Level Annotations

Branches:
Dungeon (3/15)

Altars:

Annotations:
D:2 Natasha


Innate Abilities, Weirdness & Mutations

You are completely covered in rugged brown scales. (AC +3, +7% HP)
Armour fits poorly on your strangely shaped body.
You have a long armoured tail.
You roll when moving toward enemies. (Rampage)
Your long tongue fully drains potion bottles. (2x potion effects)
Your tongue gives you trouble enunciating. (1.5x scroll delay)


Message History

You completely miss the bat. The bat closely misses you.
The bat hits you but does no damage.
You barely miss the bat. The bat barely misses you.
The bat hits you but does no damage. x2
You closely miss the bat. The bat hits you. You block the bat's attack.
The bat hits you but does no damage.
You barely miss the bat. The bat hits you but does no damage.
The bat barely misses you. The bat hits you.
You sock the bat!
You kill the bat!
No target in view!
No target in view!
You see here a bat corpse.
Could not explore, unopened door.
Could not explore, unopened door.
You open the door.
Could not explore, unopened door.
You open the door.
There is an open door here.
Could not explore, unopened door.
You open the door.
Found a stone staircase leading down.
There is an open door here.
There is an open door here.
There is an open door here.
You see here a bat corpse.
A kobold comes into view. It is wielding a +0 dagger.
A kobold is nearby!
The kobold throws a stone.
The stone hits you but does no damage.
The kobold throws a stone.
You block the stone. The kobold hits you with a +0 dagger.
You barely miss the kobold. The kobold hits you with a +0 dagger.
You block the kobold's attack.
You completely miss the kobold. The kobold hits you but does no damage.
You hit the kobold. The kobold hits you but does no damage.
You thump the kobold!
You kill the kobold!
No target in view!
Things that are here:
a +0 dagger; 4 stones A hobgoblin comes into view.
The hobgoblin shouts!
A hobgoblin is nearby!
A hobgoblin is nearby!
A hobgoblin is nearby!
You roll towards the hobgoblin!
You hit the hobgoblin.
You kill the hobgoblin!
No target in view!
No target in view!
Done exploring.
Done exploring.
Done exploring.
No target in view!
You see here a bat corpse.
There is an open door here.
There is an open door here.
There is a stone staircase leading down here.
You climb downwards.
Ijyb shouts!
The hobgoblin shouts!
You hear a shout!
There is a stone staircase leading up here.
There are monsters nearby!
There are monsters nearby!
There are monsters nearby!
Found a stone staircase leading down.
You sock the dart slug! The bat barely misses you.
The dart slug bites you but does no damage.
You hit the dart slug.
You kill the dart slug!
You block the bat's attack.
You hit the bat. The bat barely misses you.
The bat hits you but does no damage.
You sock the bat!
You kill the bat!
You roll towards Ijyb!
You block Ijyb's attack.
There is a stone staircase leading up here.
You barely miss Ijyb.
Ijyb zaps a wand.
Your mind is blasted!
Ijyb hits you but does no damage. Ijyb barely misses you.
You climb upwards.
There is a stone staircase leading down here.
You sock Ijyb! Ijyb completely misses you.
You sock Ijyb! Ijyb barely misses you.
You closely miss Ijyb. Ijyb hits you but does no damage.
You closely miss Ijyb.
Your tail-slap misses Ijyb.
Ijyb barely misses you.
You thump Ijyb!
You kill Ijyb!
i - a wand of mindburst (9);
q - a viscous blue potion
Things that are here:
a +0 club; a +0 ring mail of cold resistance; the goblin corpse of Ijyb
There is a stone staircase leading down here.
Unknown command.
As you slowly read the scroll of identify {@r1}, it crumbles to dust.
h - a scroll of noise You drop a scroll of noise {!r}.
Natasha, Servant of Life and Death comes into view.
Natasha hisses angrily.
Natasha moves out of view.
No target in view!
You hit Natasha but do no damage.
Your tail-slap misses Natasha.
Natasha barely misses you.
You closely miss Natasha.
Your tail-slap misses Natasha.
Natasha claws you.
You hit Natasha but do no damage. Natasha claws you.
You barely miss Natasha. Natasha closely misses you.
Natasha stares at you and mumbles some strange words.
The magic dart hits you.
You closely miss Natasha.
Natasha stares at you and mumbles some strange words.
You feel yourself slow down.
You closely miss Natasha. Natasha claws you but does no damage.
Natasha claws you.
You closely miss Natasha. Natasha claws you.
You closely miss Natasha.
Your tail-slap misses Natasha.
Natasha claws you!
* * * LOW HITPOINT WARNING * * *
You block Natasha's attack.
You completely miss Natasha. Natasha claws you.
* * * LOW HITPOINT WARNING * * *
You block Natasha's attack.
It was a potion of curing.
You feel better.
You slurp down every last drop of the potion of curing!
Natasha closely misses you. Natasha casts a spell at you.
The magic dart hits you!
* * * LOW HITPOINT WARNING * * *
Okay, then.
You feel very mighty all of a sudden.
You slurp down every last drop of the potion of might!
You block Natasha's attack.
You closely miss Natasha.
Natasha mumbles some strange words.
Natasha claws you!
* * * LOW HITPOINT WARNING * * *
You hit Natasha but do no damage. Natasha claws you!
* * * LOW HITPOINT WARNING * * *
Natasha claws you but does no damage.
The cerulean imp hits you from afar with a +0 spear.
* * * LOW HITPOINT WARNING * * *
You barely miss Natasha. You block Natasha's attack.
The cerulean imp closely misses you. Natasha casts a spell at you.
You resist with some effort. The cerulean imp barely misses you.
You closely miss Natasha. You block Natasha's attack.
The cerulean imp hits you from afar with a +0 spear.
* * * LOW HITPOINT WARNING * * *
You barely miss Natasha. You tail-slap Natasha!
You feel yourself speed up. Natasha barely misses you.
The cerulean imp barely misses you. You block Natasha's attack.
The cerulean imp hits you from afar with a +0 spear.
You die...

.####..........###...............
..............................###
................).............###
.....#..........................#
.#...#.....###...############...#
.#.#.......###...##.........#...#
...+..>.<........##.........#...#
##.#.......##....##...).....#...#
#.#.......###..@h5.....<...+.).'
##.#.......###..............#...#
....##......##..................#
............##...#####.[........#
###.........##.......#.......####
# #..................##...#######
# #............#.....###.........
# #.#..........#......##.........
# #.#..........#.................


You could see Natasha and a cerulean imp (summoned).

Vanquished Creatures
  Ijyb (D:2)
  Natasha (D:2)
  A worm (D:2)
  A dart slug (D:3)
  5 ball pythons
  4 bats
  4 endoplasms
  A giant cockroach (D:2)
  5 goblins
  4 hobgoblins
  2 jackals (D:1)
  8 kobolds
  3 quokkas
  3 frilled lizards
  2 rats
45 creatures vanquished.

Vanquished Creatures (others)
  4 fungi (D:1)
  A plant (D:1)
5 creatures vanquished.

Grand Total: 50 creatures vanquished

Notes
Turn   | Place    | Note
-------+----------+-------------------------------------------
     0 | D:1      | CryoSword the Armataur Fighter began the quest for the Orb.
     0 | D:1      | Reached XP level 1. HP: 19/19 MP: 1/1
   265 | D:1      | Reached skill level 2 in Maces & Flails
   384 | D:1      | Reached XP level 2. HP: 26/26 MP: 2/2
   914 | D:1      | Reached skill level 3 in Maces & Flails
  1044 | D:2      | Reached XP level 3. HP: 32/32 MP: 3/3
  1534 | D:2      | Noticed Natasha
  1542 | D:2      | Killed Natasha
  1543 | D:2      | Reached skill level 4 in Maces & Flails
  1543 | D:2      | Reached XP level 4. HP: 9/39 MP: 4/4
  1872 | D:3      | Noticed Ijyb
  1887 | D:2      | Killed Ijyb
  1922 | D:2      | Noticed Natasha
  1939 | D:2      | HP: 1/39 [cerulean imp/+0 spear[Natasha] (2)]
  1940 | D:2      | Slain by a cerulean imp

Illustrated notes

Levels and vault maps discovered:
D:1:      dpeg_arrival_water_fire, layout_basic
D:2:      layout_basic, uniq_natasha
D:3:      cheibrodos_helix_gallery, layout_rooms, uniq_ijyb, uniq_jessica

Skill      XL: |  1  2  3 |
---------------+----------+-----
Maces & Flails | 2 3 4 |  4.4
Fighting       | |  2.6
Armour         | |  3.6
Shields        | |  3.2

Action                     |  1- 3 |  4- 6 || total
---------------------------+-------+-------++-------
  Melee: Flail             |   113 |    37 ||   150
         Tailslap          |    14 |     1 ||    15
    Use: Scroll            |     4 |     1 ||     5
         Potion            |     1 |     2 ||     3
 Armour: Scale mail        |    57 |    17 ||    74
  Dodge: Dodged            |    31 |    18 ||    49
  Block: Buckler           |     9 |    13 ||    22

Table legend: (Time is in decaauts)
 A = Elapsed time spent in this place.
 B = Non-inter-level travel time spent in this place.
 C = Inter-level travel time spent in this place.
 D = Time resting spent in this place.
 E = Time spent auto-exploring this place.
 F = Levels seen in this place.
 G = Mean time per level.
                   A        B        C        D        E       F      G
               +--------+--------+--------+--------+--------+-----+--------+
         Total |   1988 |   1883 |    105 |    114 |   1395 |   3 |  662.7 |
       Dungeon |   1988 |   1883 |    105 |    114 |   1395 |   3 |  662.7 |
               +--------+--------+--------+--------+--------+-----+--------+

Top non-repeatable levels by time:
     D:1: 1017 daAuts
     D:2: 959 daAuts
     D:3: 10 daAuts
